 Dungeon Crawl Stone Soup version 0.20.0-14-g326068f (console) character file.

14179 2d6 the Basher (level 12, -3/75 HPs)
             Began as a Gargoyle Monk on June 8, 2017.
             Was a High Priest of Okawaru.
             Shot with an arrow by Nessos (17 damage)
             ... on level 4 of the Lair of Beasts.
             The game lasted 01:04:10 (13566 turns).

2d6 the Basher (Gargoyle Monk)                     Turns: 13566, Time: 01:04:11

Health: -3/75      AC: 20    Str: 20    XL:     12   Next: 13%
Magic:  13/18      EV: 21    Int: 15    God:    Okawaru [*****.]
Gold:   522        SH:  0    Dex: 13    Spells: 4/11 levels left

rFire    + + .     SeeInvis .   N - +5 great mace {freeze, Fragile rPois rC+}
rCold    + + .     Gourm    .   (shield currently unavailable)
rNeg     + + .     Faith    .   g - +3 leather armour {rC+}
rPois    ∞         Spirit   .   X - +1 hat {Int+3}
rElec    +         Reflect  .   b - -1 cloak "Ynycud" {rElec rN+}
rCorr    .         Harm     .   H - +1 pair of gloves
MR       .....                  (no boots)
Stlth    +++.......             q - amulet of rage
Regen    0.3/turn               D - ring of protection from fire
MPRegen  0.2/turn               R - +3 ring of evasion

@: heroism, finesse, hasted, very quick
A: fire resistance 1, negative energy resistance 1, sense surroundings 1,
electricity resistance, strong 1, unbreathing, petrification resistance, rot
immunity, AC +8
a: Heroism, Finesse, Renounce Religion, Evoke Berserk Rage


You were on level 4 of the Lair of Beasts.
You worshipped Okawaru.
Okawaru was extremely pleased with you.
You were not hungry.

You visited 3 branches of the dungeon, and saw 15 of its levels.
You also visited: Ossuary.

You collected 522 gold pieces.

Inventory:

Hand Weapons
 n - a +2 whip of flaming
 A - a +2 mace of holy wrath
 N - the +5 great mace of Fixation (weapon) {freeze, Fragile rPois rC+}
   (You acquired it on level 2 of the Lair of Beasts)

   It has been specially enchanted to freeze those struck by it, causing extra
   injury to most foes and up to half again as much damage against particularly
   susceptible opponents.
   It can also slow down cold-blooded creatures.
   It protects you from cold.
   It protects you from poison.
   It will be destroyed if unequipped.
 Q - a -1 eveningstar
Missiles
 a - 5 tomahawks
 h - 213 stones (quivered)
Armour
 b - the -1 cloak "Ynycud" (worn) {rElec rN+}
   (Okawaru gifted it to you on level 2 of the Lair of Beasts)

   It insulates you from electricity.
   It protects you from negative energy.
 e - a +1 leather armour of fire resistance
 g - a +3 leather armour of cold resistance (worn)
 H - a +1 pair of gloves (worn)
 X - a +1 hat of intelligence (worn)
Jewellery
 d - an uncursed amulet of the gourmand
 l - an uncursed ring of protection from cold
 q - an amulet of rage (around neck)
 t - an uncursed ring of ice
 D - a ring of protection from fire (left hand)
 M - an uncursed ring of stealth
 R - a +3 ring of evasion (right hand)
Wands
 m - a wand of flame (8/48)
 p - a wand of iceblast (5/15)
 B - a wand of confusion (46/48)
 C - a wand of polymorph (15/24)
 G - a wand of digging (5/24)
 J - a wand of random effects (24/48)
 P - a wand of clouds (3/9)
 S - a wand of iceblast (7/15)
 Y - a wand of flame (20/48)
 Z - a wand of flame (32/48)
Scrolls
 j - 3 scrolls of fear
 y - 7 scrolls of teleportation
 K - a scroll of recharging
 L - a scroll of remove curse
 T - 3 scrolls of enchant weapon
 U - 2 scrolls of magic mapping
 W - a scroll of torment
Potions
 f - 4 potions of curing
 i - a potion of mutation
 k - 3 potions of brilliance
 s - 2 potions of magic
 u - 2 potions of might
 w - 2 potions of haste
 x - a potion of agility
 z - a potion of ambrosia
 F - a potion of resistance
 I - 2 potions of invisibility
 O - 2 potions of flight
Comestibles
 c - 16 bread rations
 o - 10 fruits
 r - 5 meat rations
 v - 4 royal jellies
 E - 4 chunks of flesh


   Skills:
 + Level 8.8(13.8) Fighting
 - Level 13.0(18.0) Maces & Flails
 - Level 7.0(12.0) Armour
 + Level 6.3(11.3) Dodging
 - Level 3.0(8.0) Stealth
 + Level 8.3 Invocations


You had 4 spell levels left.
You knew the following spells:

 Your Spells              Type           Power        Failure   Level  Hunger
a - Beastly Appendage     Tmut           #.....       30%         1    ##.....
b - Iron Shot             Conj/Erth      #.........   100%        6    #######


Dungeon Overview and Level Annotations

Branches:
Dungeon (10/15)            Temple (1/1) D:6            Lair (4/6) D:9
  Swamp (0/4) Lair:2        Snake (0/4) Lair:3
    Orc: D:9-12

Altars:
Ashenzari
Cheibriados
Elyvilon
Fedhas
Gozag
Hepliaklqana
Kikubaaqudgha
Makhleb
Nemelex Xobeh
Okawaru
Qazlal
Ru
Sif Muna
Trog
Uskayaw
Vehumet
Xom
Yredelemnul
Zin
The Shining One

Annotations:
Lair:4 Nessos


Innate Abilities, Weirdness & Mutations

You are resistant to torment.
Your stone body is resilient. (AC +8)
You are immune to poison.
You resist negative energy. (rN+)
You are resistant to electric shocks. (rElec)
You can survive without breathing.
You are immune to petrification.
You are immune to rotting.
Your flesh is heat resistant. (rF+)
You passively map a small area around you.
Your muscles are strong. (Str +2)


Message History

Aiming: Iceblast (will waste charges)
Press: ? - help, Shift-Dir - straight line, f/p - Nessos
Aim: Nessos, wielding a longbow of flaming and wearing a centaur barding (severely wounded, fast)
The mass of ice explodes!
The iceblast engulfs Nessos.
Nessos is severely wounded.
Evoking this partially-identified wand wasted a few charges.
Nessos shoots an arrow.
The arrow completely misses you.
Press: ? - help, v - describe, . - travel
Here: Nessos, wielding a longbow of flaming and wearing a centaur barding (severely wounded, fast)
The floor.
Throwing (i - inventory. (,) - cycle):
h - 213 stones (quivered)
Press: ? - help, Shift-Dir - straight line, f/p - Nessos
Aim: Nessos, wielding a longbow of flaming and wearing a centaur barding (severely wounded, fast)
Okay, then.
Okay, then.
You fail to use your ability.
Nessos shoots an arrow.
The arrow hits you.
* * * LOW HITPOINT WARNING * * *
Nessos shoots an arrow.
The arrow misses you.
You fail to use your ability.
Nessos shoots an arrow.
The arrow hits you!
You die...

.†.###...#....# P.........
...############* .........
....## ......... .....#
##........ , ....##
#......... ....#
########.....(..# ....#
#.#.##.#....P## ..>.##
##..##.(......# .....#
#..c...@(.(...# .....#
##............#* ....##
#..........#...# ..###
##...............# *
..#.#####.................
.....#...........)........
..................#.......
,
..................#.#....
, ................... ,, ,


You could see Nessos.

Vanquished Creatures
  Gastronok (Lair:2)
  Pikel (D:5)
  2 spiny frogs (Lair:3)
  3 komodo dragons
  A rime drake (Lair:2)
  Grinder (D:5)
  4 hippogriffs
  A hornet (D:8)
  3 blink frogs (Lair:3)
  Sigmund (D:5)
  A spriggan (D:7)
  A wyvern (Lair:4)
  A basilisk (Lair:2)
  9 yaks (Lair:2)
  Eustachio (D:5)
  A hungry ghost (D:8)
  2 nagas (Lair:3)
  4 swamp worms (Lair:2)
  6 water moccasins
  4 porcupines
  An ice beast (D:5)
  2 sky beasts
  2 orc warriors (D:8)
  A black bear (D:5)
  A necrophage (D:8)
  4 ogres
  2 centaurs
  12 wolves
  5 crocodiles
  A big kobold (D:9)
  10 bullfrogs
  2 water moccasin zombies
  8 scorpions
  4 killer bees (D:8)
  3 wights (D:8)
  An electric eel (Lair:2)
  2 crimson imps (D:8)
  2 howler monkeys (D:8)
  3 hounds
  A jelly (D:8)
  2 orc priests
  2 orc wizards
  Ijyb (D:4)
  6 iguanas
  4 worker ants
  A hound zombie (D:6)
  12 mummies (Ossuary)
  2 howler monkey zombies (D:6)
  2 worker ant zombies
  3 gnolls (D:4)
  A howler monkey skeleton (D:4)
  15 adders
  A shadow imp (D:8)
  3 oozes
  An adder skeleton (D:6)
  6 worms
  3 dart slugs (D:1)
  6 leopard geckos
  27 orcs
  3 giant cockroaches
  11 hobgoblins
  8 jackals
  6 quokkas
  A ball python (D:3)
  12 bats
  9 frilled lizards
  A gnoll skeleton (Ossuary)
  12 goblins
  2 goblin skeletons (Ossuary)
  13 kobolds
  2 kobold skeletons (Ossuary)
  3 orc skeletons (Ossuary)
  A quokka skeleton (D:5)
  A quokka zombie (D:5)
  7 rats
  11 rat skeletons (Ossuary)
316 creatures vanquished.

Vanquished Creatures (others)
  A jackal (D:5)
  A quokka zombie (D:5)
  4 fungi
  6 plants
12 creatures vanquished.

Grand Total: 328 creatures vanquished

Notes
Turn   | Place    | Note
-------+----------+-------------------------------------------
     0 | D:1      | 2d6 the Gargoyle Monk began the quest for the Orb.
     0 | D:1      | Reached XP level 1. HP: 14/14 MP: 1/1
   212 | D:1      | Reached XP level 2. HP: 17/19 MP: 2/2
   437 | D:1      | Reached XP level 3. HP: 22/23 MP: 3/3
   685 | D:2      | Reached skill level 4 in Maces & Flails
  1030 | D:2      | Reached XP level 4. HP: 26/28 MP: 4/4
  1164 | D:2      | Reached skill level 1 in Armour
  1788 | D:3      | Reached XP level 5. HP: 22/32 MP: 5/5
  1930 | D:3      | Reached skill level 5 in Maces & Flails
  2898 | D:4      | Noticed an ogre
  2918 | D:4      | Killed an ogre
  2918 | D:4      | Reached XP level 6. HP: 4/37 MP: 6/6
  2920 | D:4      | HP: 1/37 [scorpion (2)]
  2926 | D:4      | Reached skill level 6 in Maces & Flails
  3419 | D:4      | Noticed Ijyb
  3447 | D:4      | Killed Ijyb
  3457 | D:4      | Reached XP level 7. HP: 24/41 MP: 7/7
  4318 | D:5      | Entered Level 5 of the Dungeon
  4330 | D:5      | Reached skill level 7 in Maces & Flails
  4346 | D:5      | Found a hazy altar of Hepliaklqana.
  4346 | D:5      | Found an iron altar of Okawaru.
  4644 | D:5      | Noticed Eustachio
  4684 | D:5      | Killed Eustachio
  4781 | D:5      | Found a bloodstained altar of Trog.
  4783 | D:5      | Found a glowing golden altar of the Shining One.
  4814 | D:5      | Noticed Grinder
  4828 | D:5      | Paralysed by Grinder for 5 turns
  4841 | D:5      | Killed Grinder
  4841 | D:5      | Reached skill level 8 in Maces & Flails
  4841 | D:5      | Reached skill level 5 in Armour
  4841 | D:5      | Reached XP level 8. HP: 21/46 MP: 8/8
  5283 | D:5      | Noticed Sigmund
  5301 | D:5      | Killed Sigmund
  5301 | D:5      | Reached skill level 9 in Maces & Flails
  5374 | D:6      | Reached XP level 9. HP: 38/52 MP: 9/9
  5474 | D:6      | Found a staircase to the Ecumenical Temple.
  5488 | Temple   | Entered the Ecumenical Temple
  5648 | D:5      | Found a burning altar of Makhleb.
  5657 | D:5      | Became a worshipper of Warmaster Okawaru
  5657 | D:5      | Reached * piety under Okawaru
  5657 | D:5      | Reached ** piety under Okawaru
  5851 | D:5      | Noticed Pikel
  5877 | D:5      | Killed Pikel
  5877 | D:5      | Reached skill level 10 in Maces & Flails
  6597 | D:6      | Reached skill level 5 in Fighting
  7311 | D:8      | Reached *** piety under Okawaru
  7346 | D:8      | Reached skill level 11 in Maces & Flails
  7358 | D:8      | Reached XP level 10. HP: 53/60 MP: 11/13
  7383 | D:8      | Found a sand-covered staircase.
  7408 | Ossuary  | Entered an ossuary
  8285 | D:8      | Learned a level 1 spell: Beastly Appendage
  8292 | D:8      | Learned a level 6 spell: Iron Shot
  8496 | D:8      | Reached **** piety under Okawaru
  8681 | D:8      | Reached skill level 5 in Invocations
  8994 | D:9      | Reached skill level 12 in Maces & Flails
  9272 | D:10     | Entered Level 10 of the Dungeon
  9657 | D:9      | Identified a scroll of acquirement
  9700 | D:9      | Found a staircase to the Lair.
  9716 | Lair:1   | Entered Level 1 of the Lair of Beasts
 10014 | Lair:1   | Noticed a spriggan rider
 10324 | Lair:1   | Reached ***** piety under Okawaru
 10324 | Lair:1   | Reached XP level 11. HP: 15/64 MP: 14/14
 10749 | Lair:2   | Reached skill level 13 in Maces & Flails
 11282 | Lair:2   | Noticed Gastronok
 11301 | Lair:2   | Killed Gastronok
 11361 | Lair:2   | Reached skill level 5 in Dodging
 11819 | Lair:2   | Found a sparkling altar of Nemelex Xobeh.
 11906 | Lair:2   | Got a bloodstained great mace
 11907 | Lair:2   | Identified the +5 great mace of Fixation {freeze, Fragile rPois rC+} (You acquired it on level 2 of the Lair of Beasts)
 12243 | Lair:2   | Received a gift from Okawaru
 12248 | Lair:2   | Got a pitted cloak {god gift}
 12254 | Lair:2   | Identified the -1 cloak "Ynycud" {rElec rN+} (Okawaru gifted it to you on level 2 of the Lair of Beasts)
 12432 | Lair:2   | Found a staircase to the Swamp.
 12699 | Lair:3   | Found a staircase to the Snake Pit.
 12732 | Lair:3   | Gained mutation: You are weak. (Str -2) [potion of mutation]
 12732 | Lair:3   | Gained mutation: You have a pair of small horns on your head. [potion of mutation]
 12732 | Lair:3   | Gained mutation: You are surrounded by a mild repulsion field. (EV +2) [potion of mutation]
 12733 | Lair:3   | Lost mutation: You are weak. (Str -2) [potion of mutation]
 12733 | Lair:3   | Lost mutation: You are surrounded by a mild repulsion field. (EV +2) [potion of mutation]
 12733 | Lair:3   | Lost mutation: You have a pair of small horns on your head. [potion of mutation]
 12733 | Lair:3   | Gained mutation: Your muscles are strong. (Str +2) [potion of mutation]
 12733 | Lair:3   | Gained mutation: Your flesh is heat resistant. (rF+) [potion of mutation]
 12733 | Lair:3   | Gained mutation: You passively map a small area around you. [potion of mutation]
 12874 | Lair:3   | Reached XP level 12. HP: 75/75 MP: 17/17
 13549 | Lair:4   | Noticed Nessos
 13566 | Lair:4   | Shot with an arrow by Nessos

Skill      XL: |  1  2  3  4  5  6  7  8  9 10 11 12 |
---------------+-------------------------------------+-----
Stealth        | 3 |  3.0
Maces & Flails | 4 5 6 8 9 11 12 13 | 13.0
Armour         | 1 2 3 5 6 7 |  7.0
Fighting       | 6 8 |  8.8
Invocations    | 4 5 7 8 |  8.3
Dodging        | 4 6 |  6.3

Action                   |  1- 3 |  4- 6 |  7- 9 | 10-12 || total
-------------------------+-------+-------+-------+-------++-------
Melee: Mace              |    90 |   221 |   392 |   652 ||  1355
       Whip              |       |       |   106 |     2 ||   108
       Punch             |       |       |       |     3 ||     3
       Eveningstar       |       |       |       |    99 ||    99
       Great mace        |       |       |       |    95 ||    95
Throw: Stone             |     1 |     8 |       |       ||     9
Invok: Heroism           |       |       |     1 |     7 ||     8
       Finesse           |       |       |       |     1 ||     1
 Abil: Evoke Berserk Rag |       |       |       |     1 ||     1
Evoke: Wand              |       |     1 |       |     5 ||     6
  Use: Scroll            |     3 |     2 |     7 |    15 ||    27
       Potion            |       |     4 |     1 |     9 ||    14
 Stab: Distracted        |     1 |     1 |       |       ||     2
       Sleeping          |     2 |     9 |     3 |    12 ||    26
       Confused          |       |       |       |     3 ||     3
  Eat: Chunk             |    12 |     8 |    16 |    17 ||    53
Armor: Robe              |    10 |       |       |       ||    10
       Leather armour    |    23 |    78 |   251 |   288 ||   640
Dodge: Dodged            |    75 |   164 |   338 |   713 ||  1290

Vault maps used:
D:1:      ncdulo_wetmaze, minmay_tromino_mix6
D:4:      kennysheep_the_goblin_king
D:5:      nicolae_overflow_hidden_temple, first_bread, uniq_grinder,
          uniq_sigmund, uniq_pikel, uniq_eustachio
D:6:      old_forge, minmay_temple_entry_trees, nicolae_benzene_ring
D:7:      lemuel_round_altar, minmay_misc_feat_cross, corner_web_ring,
          the_bakery
D:8:      serial_glass, glass_columns_a, glass_columns_a, glass_columns_a,
          glass_columns_a, glass_columns_a, glass_columns_a, glass_columns_b,
          glass_columns_b, glass_columns_a, glass_columns_c, enter_ossuary_5
D:9:      minmay_lair_entry_grove, serial_glass, glass_columns_a,
          glass_columns_b, serial_shops, nicolae_shop_overgrown_old_shop,
          bh_walls_and_bars
D:10:     uniq_erica
Temple:   eino_wide_crystal_templ
Lair:1:   minivault_27, wad_woods_river_04, minivault_24,
          grunt_forest_large_clearings
Lair:2:   nicolae_swamp_entry_splash_gauntlet, basic_altar, uniq_gastronok
Lair:3:   minmay_snake_entry_guardpost_small, grunt_megastairs_3
Lair:4:   grunt_forest_small_clearings, uniq_nessos
Ossuary:  ossuary_due_small_catacomb
